 Dungeon Crawl Stone Soup version 0.28.0-45-g0d030f2227 (webtiles) character file.

Game seed: 12107350342136276090

49 hawla the Stinger (level 3, -1/26 HPs)
             Began as a Draconian Venom Mage on Apr 24, 2022.
             Frozen to death by an endoplasm (5 damage)
             ... on level 1 of the Dungeon.
             The game lasted 00:03:59 (1604 turns).

hawla the Stinger (Draconian Venom Mage)            Turns: 1604, Time: 00:04:01

Health: -1/26      AC:  6    Str: 10    XL:     3   Next: 51%
Magic:  1/6        EV: 12    Int: 17    God:
Gold:   32         SH:  0    Dex: 11    Spells: 3/6 levels left

rFire   . . .      SeeInvis .   (no weapon)
rCold   . . .      Faith    .   (no shield)
rNeg    . . .      Spirit   .   (armour unavailable)
rPois   .          Reflect  .   (helmet restricted)
rElec   .          Harm     .   (no cloak)
rCorr   .          Rampage  .   (no gloves)
Will    .....                   b - +0 pair of boots
Stlth   ++........              (no amulet)
HPRegen 0.08/turn               (no ring)
MPRegen 0.10/turn               (no ring)

@: invisible
A: AC +5, unfitting armour, cold-blooded, mutation resistance 1
a: no special abilities


You were on level 1 of the Dungeon.
You visited 1 branch of the dungeon, and saw 2 of its levels.

You collected 32 gold pieces.

Inventory:

Armour
 b - a +0 pair of boots (worn)
Scrolls
 a - a scroll of vulnerability
Potions
 f - a potion of curing {unknown}
 h - a potion of heal wounds {unknown}


   Skills:
 + Level 0.1 Fighting
 + Level 1.9 Dodging
 + Level 2.0 Stealth
 + Level 2.4 Spellcasting
 + Level 1.3 Transmutations
 + Level 0.2 Air Magic
 + Level 3.8 Poison Magic


You had 3 spell levels left.
You knew the following spells:

 Your Spells              Type           Power      Damage    Failure   Level
a - Sting                 Tmut/Pois      40%        1d5       6%          1
b - Poisonous Vapours     Pois/Air       18%        N/A       12%         2

Your spell library contained the following spells:

 Spells                   Type           Power      Damage    Failure   Level
 Shock                    Conj/Air       8%         1d3       17%         1
 Mephitic Cloud           Conj/Pois/Air  6%         N/A       32%         3
 Swiftness                Air            3%         N/A       45%         3
 Olgreb's Toxic Radiance  Pois           15%        N/A       36%         4
 Airstrike                Air            1%         N/A       86%         4


Dungeon Overview and Level Annotations

Branches:
Dungeon (2/15)

Altars:


Innate Abilities, Weirdness & Mutations

Your plain brown scales are hard. (AC +5)
You cannot fit into any form of body armour.
You are cold-blooded and may be slowed by cold attacks.
You are somewhat resistant to further mutation.


Message History

You fade into invisibility!
The hobgoblin closely misses you.
The endoplasm hits you but does no damage.
The hobgoblin misses you.
Things that are here:
a +0 club; a goblin skeleton
Casting: Sting (safe; 6% risk of failure)
Confirm with . or Enter, or press ? or * to list all spells.
Aiming: Sting (safe; 6% risk of failure)
Press: ? - help, Shift-Dir - straight line, f - hobgoblin
Aim: a hobgoblin (71% to hit)
The sting hits the hobgoblin.
The hobgoblin is poisoned.
The hobgoblin is severely wounded.
The hobgoblin closely misses you.
Casting: Sting (safe; 6% risk of failure)
Confirm with . or Enter, or press ? or * to list all spells.
Aiming: Sting (safe; 6% risk of failure)
Press: ? - help, Shift-Dir - straight line, f - endoplasm, p - hobgoblin
Aim: an endoplasm (98% to hit)
The sting hits the hobgoblin.
The hobgoblin looks even sicker.
You kill the hobgoblin!
Your Stealth skill increases to level 2!
Casting: Sting (safe; 6% risk of failure)
Confirm with . or Enter, or press ? or * to list all spells.
Aiming: Sting (safe; 6% risk of failure)
Press: ? - help, Shift-Dir - straight line, f/p - endoplasm
Aim: an endoplasm (98% to hit)
The sting hits the endoplasm.
The endoplasm partially resists.
The endoplasm is heavily wounded.
The endoplasm freezes you.
* * * LOW HITPOINT WARNING * * *
Casting: Sting (safe; 6% risk of failure)
Confirm with . or Enter, or press ? or * to list all spells.
Aiming: Sting (safe; 6% risk of failure)
Press: ? - help, Shift-Dir - straight line, f/p - endoplasm
Aim: an endoplasm (heavily wounded, 98% to hit)
The sting hits the endoplasm.
The endoplasm partially resists.
The endoplasm is almost dead.
The endoplasm freezes you.
You die...

#.###.##..#.....#.#.# #.###
#.##......###..##.#.# #.#
#.##.##..###......#.# #.# ##
#.##.#.....#..##.##.# #.# .#
#.##...........#.##.# #.# .##
#.##.#...#.......##.## #.#
#.###.##.##.##.#...#.....###.#
##.##..........##.##......##.#
##.#.##.......J@.รท..........#
##..###.##.)#######.....####
##.#.# #.##.># ##...## ##.##.#
#.##..# ##.## #.###.###.##..#
### ).........##..#
.##.#.#.####..#
..............#
..###...#####.#


You could see an endoplasm.

Vanquished Creatures
  A gnoll (D:1)
  3 endoplasms (D:1)
  A giant cockroach (D:1)
  9 goblins
  5 hobgoblins
  3 jackals (D:1)
  A kobold (D:1)
  A quokka (D:1)
  3 ball pythons
  2 bats (D:1)
  2 frilled lizards (D:1)
  A rat (D:2)
32 creatures vanquished.

Notes
Turn   | Place    | Note
-------+----------+-------------------------------------------
     0 | D:1      | hawla the Draconian Venom Mage began the quest for the Orb.
     0 | D:1      | Reached XP level 1. HP: 14/14 MP: 3/3
    83 | D:1      | Reached XP level 2. HP: 20/20 MP: 1/5
    86 | D:1      | Learned a level 2 spell: Poisonous Vapours
   742 | D:1      | Reached XP level 3. HP: 26/26 MP: 0/6
  1311 | D:2      | Gained mutation: You are somewhat resistant to further
                  | mutation. [potion of mutation]
  1311 | D:2      | Gained mutation: Your spells are a little harder to cast,
                  | but a little more powerful. [potion of mutation]
  1311 | D:2      | Lost mutation: Your spells are a little harder to cast, but
                  | a little more powerful. [potion of mutation]
  1604 | D:1      | Frozen to death by an endoplasm

Illustrated notes

Levels and vault maps discovered:
D:1:      grunt_arrival_crossed_arrows, layout_loops_ring,
          hangedman_decor_clover_reticule, minmay_tetromino_t4
D:2:      layout_rooms

Skill      XL: |  1  2  3 |
---------------+----------+-----
Stealth        | 2 |  2.0
Fighting       | |  0.1
Dodging        | |  1.9
Spellcasting   | |  2.4
Transmutations | |  1.3
Air Magic      | |  0.2
Poison Magic   | |  3.8

Action                   || total
-------------------------++-------
Melee: Unarmed           ||    25
       Tailslap          ||     8
 Cast: Sting             ||    45
       Poisonous Vapours ||     6
  Use: Scroll            ||     3
       Potion            ||     2
Armor: Skin              ||    29
Dodge: Dodged            ||    51
